 Dungeon Crawl Stone Soup version 0.24-a0-160-gfa3a8d6 (webtiles) character file.

Game seed: 0

1112 KrasnyyBoyets the Cleaver (level 8, 0/64 HPs)
             Began as a Minotaur Fighter on Mar 4, 2019.
             Slain by a hornet (1 damage)
             ... on level 7 of the Dungeon on Mar 6, 2019.
             The game lasted 01:02:09 (6995 turns).

KrasnyyBoyets the Cleaver (Minotaur Fighter)        Turns: 6995, Time: 01:02:10

Health: 0/64       AC: 11    Str: 23    XL:     8   Next: 11%
Magic:  7/7        EV: 11    Int:  5    God:
Gold:   232        SH:  9    Dex: 10    Spells: 7/7 levels left

rFire    x . .     SeeInvis .   a - +0 war axe
rCold    + + .     Gourm    .   c - +0 shield
rNeg     + . .     Faith    .   B - +0 ice dragon scales
rPois    .         Spirit   .   (helmet restricted)
rElec    .         Reflect  .   (no cloak)
rCorr    .         Harm     .   j - +0 pair of gloves
MR       .....                  (no boots)
Stlth    ..........             E - amulet of regeneration
HPRegen  0.60/turn              s - ring of positive energy
MPRegen  0.10/turn              x - +2 ring of evasion

@: lethally poisoned (0 -> -6), slowed, lightly drained, very slow
A: retaliatory headbutt, horns 2
a: no special abilities


You were on level 7 of the Dungeon.
You were not hungry.

You visited 1 branch of the dungeon, and saw 7 of its levels.

You collected 368 gold pieces.
You spent 136 gold pieces at shops.

Inventory:

Hand Weapons
 a - a +0 war axe (weapon)
Missiles
 g - 2 tomahawks
 r - 78 stones
 u - 15 poisoned needles (quivered)
 v - 26 sling bullets
 G - 6 javelins
Armour
 b - a +0 scale mail
 c - a +0 shield (worn)
 j - a +0 pair of gloves (worn)
 B - +0 ice dragon scales (worn)
Jewellery
 s - a ring of positive energy (left hand)
 w - a +4 ring of intelligence
 x - a +2 ring of evasion (right hand)
 E - an amulet of regeneration (around neck)
Wands
 k - a wand of paralysis (8)
 q - a wand of digging (7)
 y - a wand of enslavement (3)
Scrolls
 d - a scroll of enchant armour {unknown}
 e - 8 scrolls of identify
 h - 3 scrolls of remove curse
 i - 2 scrolls of immolation {unknown}
 o - 2 scrolls of fog {unknown}
 p - a scroll of enchant weapon {unknown}
 t - 3 scrolls of blinking
 C - a scroll of torment {unknown}
 D - 2 scrolls of teleportation
 F - a scroll of acquirement {unknown}
Potions
 l - 5 potions of curing
 m - 3 potions of haste
 n - 4 potions of degeneration
 z - a potion of agility {unknown}
 A - a potion of lignification {unknown}
Comestibles
 f - 11 rations


   Skills:
 - Level 3.6(3.2) Fighting
 + Level 9.2(8.7) Axes
 + Level 3.7(3.2) Armour
 + Level 6.3(5.8) Dodging
 - Level 3.6(3.2) Shields
 + Level 0.2(0.0) Evocations


You had 7 spell levels left.
You didn't know any spells.
Your spell library was empty.

Dungeon Overview and Level Annotations

Branches:
Dungeon (7/15)
 Temple: D:4-7

Altars:
Nemelex Xobeh

Shops:
D:6 ?

Annotations:
D:3 3 runed translucent doors, Duffy's ghost, amateur NaGl; Wired's ghost, amateur VSTm
D:5 3 runed translucent doors, Duffy's ghost, novice NaGl


Innate Abilities, Weirdness & Mutations

You reflexively headbutt those who attack you in melee.
You have a pair of horns on your head.


Message History

Unknown command.
Unknown command.
You closely miss the hornet. Your headbutt misses the hornet.
The hornet is moderately wounded.
You feel sick.
The hornet stings you but does no damage.
You block the hornet's attack. The hornet stings you.
* * * LOW HITPOINT WARNING * * *
You feel as though you will be slow longer.
Unknown command.
Welcome back, KrasnyyBoyets the Minotaur Fighter.
Press ? for a list of commands and other information.
You feel sick. The hornet misses you.
You feel sick. The hornet stings you.
* * * LOW HITPOINT WARNING * * *
You are lethally poisoned!
You feel as though you will be slow longer.
* * * LOW HITPOINT WARNING * * *
You feel sick. You block the hornet's attack. The hornet stings you.
You die...

#.# #.. #.# #.#
#####.# #.# #....#
###.# #.###.# #...#
#.# #.#y#
#####.####.# ###.#@#
#......<...# #<....#
#.###.######
#.###.###.###........
.. #.........#######
## #.###.##..... ...#
#.##.#### #.##. ..##.
#. . ####. # .# #.


You could see a hornet.

Vanquished Creatures
  A bullfrog (D:6)
  2 scorpions (D:4)
  4 wights (D:6)
  3 howler monkeys
  2 crimson imps
  A bullfrog zombie (D:5)
  2 hounds (D:5)
  A centaur skeleton (D:4)
  An orc priest (D:4)
  Jessica (D:3)
  2 orc wizards
  3 worker ants
  A killer bee zombie (D:6)
  A hound skeleton (D:6)
  A worker ant zombie (D:6)
  7 gnolls
  A howler monkey skeleton (D:4)
  4 adders
  A shadow imp (D:5)
  2 adder skeletons
  5 worms
  3 dart slugs
  4 leopard geckos
  17 orcs
  7 giant cockroaches
  7 goblins
  7 hobgoblins
  7 jackals
  3 kobolds (D:3)
  2 quokkas
  A ball python (D:2)
  2 bats
  6 frilled lizards
  A jackal skeleton (D:4)
  2 quokka skeletons
  8 rats
123 creatures vanquished.

Notes
Turn   | Place    | Note
-------+----------+-------------------------------------------
     0 | D:1      | KrasnyyBoyets the Minotaur Fighter began the quest for the
                  | Orb.
     0 | D:1      | Reached XP level 1. HP: 19/19 MP: 0/0
   103 | D:1      | Reached skill level 3 in Axes
   214 | D:1      | Reached XP level 2. HP: 26/26 MP: 1/1
   944 | D:2      | Reached skill level 4 in Axes
  1190 | D:2      | Noticed a howler monkey
  1200 | D:2      | Killed a howler monkey
  1200 | D:2      | Reached skill level 5 in Axes
  1200 | D:2      | Reached XP level 3. HP: 31/31 MP: 2/2
  1207 | D:2      | Reached XP level 4. HP: 39/39 MP: 3/3
  1831 | D:3      | Upgraded the game from 0.24-a0-139-geb6712d to
                  | 0.24-a0-140-gcaa6c10
  2196 | D:3      | Reached skill level 6 in Axes
  2210 | D:3      | Reached skill level 1 in Dodging
  2231 | D:3      | Reached XP level 5. HP: 15/45 MP: 4/4
  2616 | D:3      | Noticed Jessica
  2622 | D:3      | Found a runed translucent gate.
  2625 | D:3      | Found a runed translucent gate.
  2625 | D:3      | Found a runed translucent gate.
  2642 | D:3      | Killed Jessica
  3175 | D:3      | Noticed Wired's ghost (amateur VSTm)
  3177 | D:3      | Noticed Duffy's ghost (amateur NaGl)
  3580 | D:4      | Reached XP level 6. HP: 33/51 MP: 5/5
  4085 | D:4      | Reached skill level 7 in Axes
  4594 | D:4      | Reached XP level 7. HP: 53/57 MP: 6/6
  5058 | D:5      | Entered Level 5 of the Dungeon
  5058 | D:5      | Found a runed translucent gate.
  5058 | D:5      | Found a runed translucent gate.
  5059 | D:5      | Found a runed translucent gate.
  5108 | D:5      | Noticed Duffy's ghost (novice NaGl)
  5144 | D:5      | Found a sparkling altar of Nemelex Xobeh.
  5321 | D:5      | Reached skill level 8 in Axes
  5493 | D:5      | Reached skill level 5 in Dodging
  6262 | D:6      | Reached skill level 9 in Axes
  6318 | D:6      | Reached XP level 8. HP: 46/64 MP: 7/7
  6653 | D:6      | Found Gocyvo's Magic Scroll Emporium.
  6690 | D:6      | Bought a scroll of teleportation for 39 gold pieces
  6690 | D:6      | Bought a scroll of blinking for 97 gold pieces
  6951 | D:7      | Upgraded the game from 0.24-a0-140-gcaa6c10 to
                  | 0.24-a0-160-gfa3a8d6
  6980 | D:7      | Noticed a hornet
  6985 | D:7      | Paralysed by a hornet for 3 turns
  6990 | D:7      | Paralysed by a hornet for 2 turns
  6994 | D:7      | HP: 3/64 [hornet (4)]
  6995 | D:7      | HP: 1/64 [poisoned by a hornet]
  6995 | D:7      | Slain by a hornet

Levels and vault maps discovered:
D:1:      evilmike_arrival_plus, layout_rooms, kennysheep_nondescript,
          kennysheep_pointless_box, minmay_worlds_worst_comb
D:2:      layout_rooms
D:3:      layout_basic, first_ration, gammafunk_ghost_cemetery, uniq_jessica
D:4:      layout_loops_corners
D:5:      layout_rooms, gammafunk_ghost_necromancy,
          nemelex_xobeh_ov_fountains_minmay
D:6:      layout_basic, serial_shops, shop, hangedman_decor_lopped
D:7:      layout_loops_ring, lemuel_crystal_altar,
          minmay_temple_entry_overgrown, serial_shops, shop, grunt_livestock,
          xom_teletrap_fun

Skill      XL: |  1  2  3  4  5  6  7 |
---------------+----------------------+-----
Axes           | 3 5 6 7 9 |  9.2
Dodging        | 1 2 4 6 |  6.3
Fighting       | |  3.6
Armour         | |  3.7
Shields        | |  3.6
Evocations     | |  0.2

Action                   |  1- 3 |  4- 6 |  7- 9 || total
-------------------------+-------+-------+-------++-------
Melee: War axe           |    52 |   168 |   112 ||   332
       Headbutt          |     7 |    19 |    25 ||    51
Throw: Stone             |       |     9 |       ||     9
  Use: Potion            |       |     1 |     1 ||     2
       Scroll            |       |       |     4 ||     4
  Eat: Chunk             |     1 |    11 |     1 ||    13
       Ration            |       |       |     2 ||     2
Armor: Scale mail        |    14 |    81 |       ||    95
       Ice dragon scales |       |       |    62 ||    62
Dodge: Dodged            |    12 |    51 |    74 ||   137
Block: Shield            |    17 |    76 |    68 ||   161

Table legend:
 A = Non-vault XP
 B = Vault XP
 C = Vault XP percentage of total XP
 D = Non-vault monster count
 E = Vault monster count
 F = Vault count percentage of total count
                 A         B        C        D         E       F
            +---------+---------+-------+---------+---------+-------
      Total |    1546 |      43 |   2.7 |     119 |       4 |   3.3
            +---------+---------+-------+---------+---------+-------
        D:1 |      24 |       6 |  20.0 |      14 |       3 |  17.6
        D:2 |     111 |       0 |   0.0 |      18 |       0 |   0.0
        D:3 |     143 |      37 |  20.6 |      22 |       1 |   4.3
        D:4 |     463 |       0 |   0.0 |      29 |       0 |   0.0
        D:5 |     195 |       0 |   0.0 |      11 |       0 |   0.0
        D:6 |     564 |       0 |   0.0 |      24 |       0 |   0.0
        D:7 |      46 |       0 |   0.0 |       1 |       0 |   0.0
            +---------+---------+-------+---------+---------+-------
